 Dungeon Crawl Stone Soup version 0.22.1-2-g9c5b331383 (webtiles) character file.

217 Gargoyl the Skirmisher (level 5, 0/69 HPs)
             Began as a Centaur Abyssal Knight on Nov 20, 2018.
             Was a Believer of Lugonu.
             Succumbed to a scorpion's poison
             ... on level 4 of the Dungeon.
             The game lasted 00:04:38 (3829 turns).

Gargoyl the Skirmisher (Centaur Abyssal Knight)     Turns: 3829, Time: 00:04:38

Health: 0/69       AC: 22    Str: 15    XL:     5   Next: 62%
Magic:  7/7        EV:  1    Int: 11    God:    Lugonu [**....]
Gold:   179        SH:  3    Dex:  9    Spells: 4/4 levels left

rFire    + . .     SeeInvis .   a - +1 hand axe
rCold    + . .     Gourm    .   k - +0 buckler
rNeg     + + +     Faith    .   (armour currently unavailable)
rPois    +         Spirit   .   (helmet currently unavailable)
rElec    +         Reflect  .   (cloak currently unavailable)
rCorr    +         Harm     .   (gloves currently unavailable)
MR       +....     Clarity  +   (no barding) Stlth +.........NoTele +
                                (no amulet)
HPRegen  0.21/turn              g - ring of protection from magic
MPRegen  0.10/turn              (no ring)

@: lethally poisoned (0 -> -2), tree-form, resistant, hasted, very quick
A: large, clarity
a: Depart the Abyss, Bend Space, Renounce Religion


You were on level 4 of the Dungeon.
You worshipped Lugonu.
Lugonu was pleased with you.
You were not hungry.
You were a tree.
You visited 1 branch of the dungeon, and saw 4 of its levels.
You visited the Abyss 1 time.

You collected 179 gold pieces.

Inventory:

Hand Weapons
 a - a +1 hand axe (weapon)
Armour
 d - a +0 plate armour (melded)
 k - a +0 buckler (worn)
Jewellery
 g - a ring of protection from magic (left branch)
Wands
 j - a wand of scattershot (6)
Scrolls
 b - a scroll of teleportation {unknown}
 m - a scroll of remove curse
Comestibles
 c - 5 rations
 l - 2 chunks of flesh


   Skills:
 + Level 3.6 Fighting
 + Level 2.7 Axes
 * Level 3.3 Armour
 + Level 0.7 Dodging
 + Level 0.2 Shields
 * Level 3.0 Invocations


You had 4 spell levels left.
You didn't know any spells.
Your spell library contained the following spells:

 Spells                   Type           Power        Failure   Level  Hunger
 Magic Dart               Conj           #...         50%         1    ##.....
 Blink                    Tloc           N/A          63%         2    ###....
 Call Imp                 Summ           #.......     63%         2    ###....
 Slow                     Hex            #.......     63%         2    ###....
 Conjure Flame            Conj/Fire      #.......     86%         3    ####...
 Mephitic Cloud           Conj/Pois/Air  #.......     86%         3    ####...


Dungeon Overview and Level Annotations

Branches:
Dungeon (4/15)
 Temple: D:4-7

Altars:


Innate Abilities, Weirdness & Mutations

((You have hooves in place of feet.))
((Armour fits poorly on your strangely shaped body.))
((You cover ground very quickly.))
((You have extremely tough skin. (AC +3)))
You possess an exceptional clarity of mind.
((Your flesh is heat resistant. (rF+)))


Message History

* * * LOW HITPOINT WARNING * * *
You feel sick.
Unknown command.
* * * LOW HITPOINT WARNING * * *
You feel sick.
* * * LOW HITPOINT WARNING * * *
You feel sick.
* * * LOW HITPOINT WARNING * * *
You feel sick.
* * * LOW HITPOINT WARNING * * *
You feel sick.
* * * LOW HITPOINT WARNING * * *
You feel sick.
* * * LOW HITPOINT WARNING * * *
You feel sick.
* * * LOW HITPOINT WARNING * * *
You feel sick.
* * * LOW HITPOINT WARNING * * *
You feel sick.
You die...

## .. ## . ##
#####.. #...##
#....#. .#.#.#
#...#. ....#
#...#....##.
#.#♣.......
##...<......
#...........
##...........
.#####............
..............#...
.......)).....##..
.............## #.
......>......#


There were no monsters in sight!

Vanquished Creatures
  A scorpion (D:4)
  An orc wizard (D:3)
  3 gnolls (D:4)
  7 adders
  2 leopard geckos
  5 orcs (D:3)
  4 giant cockroaches
  7 goblins
  A hobgoblin (D:1)
  2 kobolds
  2 quokkas
  4 bats
  A frilled lizard (D:1)
  8 rats
48 creatures vanquished.

Vanquished Creatures (others)
  4 starspawn tentacles (Abyss:1)
4 creatures vanquished.

Grand Total: 52 creatures vanquished

Notes
Turn   | Place    | Note
-------+----------+-------------------------------------------
     0 | Abyss:1  | Gargoyl the Centaur Abyssal Knight began the quest for the
                  | Orb.
     0 | Abyss:1  | Reached XP level 1. HP: 19/19 MP: 2/2
    44 | Abyss:1  | Noticed a tentacled starspawn
    69 | Abyss:1  | Noticed a large abomination
    74 | Abyss:1  | Noticed a mana viper
    86 | Abyss:1  | Noticed a large abomination
   103 | Abyss:1  | Noticed a spatial maelstrom
   103 | Abyss:1  | Noticed a spatial vortex
   103 | Abyss:1  | Noticed a spatial vortex
   103 | Abyss:1  | Noticed a spatial vortex
   110 | Abyss:1  | Noticed a spatial vortex
   140 | Abyss:2  | Noticed a ynoxinul
   142 | D:1      | Escaped the Abyss
   326 | D:1      | Reached * piety under Lugonu
   344 | D:1      | Reached XP level 2. HP: 5/26 MP: 3/3
  1222 | D:2      | Reached XP level 3. HP: 21/31 MP: 4/4
  2472 | D:3      | Reached XP level 4. HP: 25/38 MP: 5/5
  3484 | D:3      | Reached XP level 5. HP: 45/45 MP: 7/7
  3784 | D:4      | Reached ** piety under Lugonu
  3804 | D:4      | Gained mutation: You possess an exceptional clarity of
                  | mind. [potion of mutation]
  3804 | D:4      | Gained mutation: Your flesh is heat resistant. (rF+)
                  | [potion of mutation]
  3813 | D:4      | HP: 3/69 [poisoned by a scorpion]
  3818 | D:4      | HP: 2/69 [poisoned by a scorpion]
  3825 | D:4      | HP: 1/69 [poisoned by a scorpion]
  3829 | D:4      | Succumbed to a scorpion's poison

Skill      XL: |  1  2  3  4  5 |
---------------+----------------+-----
Axes           | 2 |  2.7
Armour         | 2 3 |  3.3
Invocations    | 3 |  3.0
Fighting       | |  3.6
Dodging        | |  0.7
Shields        | |  0.2

Action                   |  1- 3 |  4- 6 || total
-------------------------+-------+-------++-------
Melee: Hand axe          |    81 |    72 ||   153
       Kick              |    14 |    14 ||    28
Invok: Depart the Abyss  |     1 |       ||     1
  Use: Scroll            |     1 |     5 ||     6
       Potion            |       |     4 ||     4
  Eat: Chunk             |     3 |     4 ||     7
Armor: Plate armour      |    98 |    64 ||   162
Dodge: Dodged            |     9 |     6 ||    15
Block: Buckler           |       |    14 ||    14
